SAA
LANCASTER FARMERS @ SALEM MISFITS
07/21/2030
 
TOP OF THE 1ST
Lancaster Farmers batting - Pitching for Salem Misfits : RHP William Fothergill
Pitching: RHP William Fothergill
Batting: RHB Juan Pedraza 0-0: Ball
1-0: Ball
2-0: Swinging Strike
2-1: Ball
3-1: Swinging Strike
3-2: Strikes out swinging
Batting: RHB Kasper Schuilenberg 0-0: Ball
1-0: Ball
2-0: Fly out, F7 (Flyball, 78M)
Batting: LHB Manuel Núñez 0-0: Ball
1-0: Foul Ball, location: 2F
1-1: Swinging Strike
1-2: Foul Ball, location: 2F
1-2: Ball
2-2: Ball
3-2: Fly out, F9 (Flyball, 9S)
Top of the 1st over - 0 runs, 0 hits, 0 errors, 0 left on base; Lancaster 0 - Salem 0
BOTTOM OF THE 1ST
Salem Misfits batting - Pitching for Lancaster Farmers : LHP Washington Scarpenti
Pitching: LHP Washington Scarpenti
Batting: RHB César Ramos 0-0: Ground out 5-3 (Groundball, 56)
Batting: LHB José Cuervo 0-0: Ball
1-0: Ball
2-0: Ball
3-0: Called Strike
3-1: Foul Ball, location: 2F
3-2: Base on Balls
Batting: RHB Robinson Barquero 0-0: Ball
1-0: Ball
2-0: Ball
3-0: Called Strike
3-1: Swinging Strike
3-2: Foul Ball, location: 2F
3-2: Ground out U3 (Groundball, 34S)
José Cuervo to second
Batting: RHB Vicente Andros 0-0: Foul Ball, location: 2F
0-1: Called Strike
0-2: Ball
1-2: Foul Ball, location: 2F
1-2: Ball
2-2: Foul Ball, location: 2F
2-2: Foul Ball, location: 2F
2-2: Strikes out swinging
Bottom of the 1st over - 0 runs, 0 hits, 0 errors, 1 left on base; Lancaster 0 - Salem 0
TOP OF THE 2ND
Lancaster Farmers batting - Pitching for Salem Misfits : RHP William Fothergill
Batting: RHB Ramón Degollado 0-0: Ball
1-0: DOUBLE (Groundball, 5L)
Batting: RHB Woodrow Terrebonne 0-0: Called Strike
0-1: SINGLE (Groundball, 56D)
Ramón Degollado to third
Runner from 3rd tries for Home, SAFE, throw made home
Batting: RHB Hou Kong 0-0: Ball
1-0: Ball
2-0: Ball
3-0: Base on Balls
Woodrow Terrebonne to second
Batting: RHB Gabe Cain 0-0: Ball
1-0: Ball
2-0: Swinging Strike
2-1: Ball
3-1: Called Strike
3-2: Strikes out looking
Batting: RHB Bogumil Tiwontschik 0-0: Called Strike
0-1: SINGLE (Line Drive, 7LS)
Woodrow Terrebonne to third
Hou Kong to second
Batting: RHB Diego Méndez 0-0: Ball
1-0: Foul Ball, location: 2F
1-1: Swinging Strike
1-2: Strikes out looking
Batting: RHB Juan Pedraza 0-0: Ball
1-0: Called Strike
1-1: Ground out 1-3 (Groundball, 13)
Top of the 2nd over - 1 run, 3 hits, 0 errors, 3 left on base; Lancaster 1 - Salem 0
BOTTOM OF THE 2ND
Salem Misfits batting - Pitching for Lancaster Farmers : LHP Washington Scarpenti
Batting: RHB Paul O'Neill 0-0: Ball
1-0: Called Strike
1-1: Ball
2-1: SINGLE (Groundball, 6MD)
Batting: RHB Austin Case 0-0: Foul Ball, location: 2F
0-1: Foul Ball, location: 2F
0-2: Ball
1-2: Ball
2-2: Fly out, F6 (Popup, 15S)
Batting: RHB Jorge Gómez 0-0: Called Strike
0-1: Ground out 5-3 (Groundball, 5S)
Paul O'Neill to second
Batting: LHB Rodrigo Gómez 0-0: Swinging Strike
0-1: Ball
1-1: Foul Ball, location: 2F
1-2: Foul Ball, location: 2F
1-2: Strikes out swinging
Bottom of the 2nd over - 0 runs, 1 hit, 0 errors, 1 left on base; Lancaster 1 - Salem 0
TOP OF THE 3RD
Lancaster Farmers batting - Pitching for Salem Misfits : RHP William Fothergill
Batting: RHB Kasper Schuilenberg 0-0: Ground out 5-3 (Groundball, 56)
Batting: LHB Manuel Núñez 0-0: Ball
1-0: Called Strike
1-1: Swinging Strike
1-2: Ball
2-2: Strikes out looking
Batting: RHB Ramón Degollado 0-0: Called Strike
0-1: Foul Ball, location: 2F
0-2: Ground out 6-3 (Groundball, 6)
Top of the 3rd over - 0 runs, 0 hits, 0 errors, 0 left on base; Lancaster 1 - Salem 0
BOTTOM OF THE 3RD
Salem Misfits batting - Pitching for Lancaster Farmers : LHP Washington Scarpenti
Batting: LHB Tyler Knopp 0-0: Called Strike
0-1: Swinging Strike
0-2: Ball
1-2: SINGLE (Line Drive, 89M)
Batting: RHB César Ramos 0-0: Swinging Strike
0-1: Ball
1-1: Fielders Choice at 2nd, 5-4 (Groundball, 56)
Batting: LHB José Cuervo 0-0: Called Strike
0-1: Ball
1-1: Ball
2-1: Swinging Strike
2-2: Ball
3-2: Base on Balls
César Ramos to second
Batting: RHB Robinson Barquero 0-0: Ball
1-0: Called Strike
1-1: Ball
2-1: Foul Ball, location: 2F
2-2: Ball
3-2: Base on Balls
César Ramos to third
José Cuervo to second
Batting: RHB Vicente Andros 0-0: Ball
1-0: Ball
2-0: Ball
3-0: Base on Balls
César Ramos scores
José Cuervo to third
Robinson Barquero to second
Batting: RHB Paul O'Neill 0-0: Ball
1-0: Swinging Strike
1-1: Ball
2-1: Fly out, F7 (Flyball, 7LS)
Throwing error, E7
José Cuervo scores
Robinson Barquero to third
Vicente Andros to second
Batting: RHB Austin Case 0-0: Called Strike
0-1: Foul Ball, location: 2F
0-2: Foul Ball, location: 2F
0-2: Fly out, F7 (Flyball, 78S)
Bottom of the 3rd over - 2 runs, 1 hit, 1 error, 2 left on base; Lancaster 1 - Salem 2
TOP OF THE 4TH
Lancaster Farmers batting - Pitching for Salem Misfits : RHP William Fothergill
Batting: RHB Woodrow Terrebonne 0-0: Ball
1-0: Ball
2-0: Called Strike
2-1: SINGLE (Line Drive, 4MD)
Batting: RHB Hou Kong 0-0: Called Strike
0-1: Foul Ball, location: 2F
0-2: Ball
1-2: Strikes out swinging
Batting: RHB Gabe Cain 0-0: Ball
1-0: Ball
2-0: SINGLE (Line Drive, 8LS)
Woodrow Terrebonne to second
Runner from 2nd tries for 3rd, OUT!
Batting: RHB Bogumil Tiwontschik 0-0: Ball
1-0: Ball
2-0: Called Strike
2-1: Ball
3-1: SINGLE (Groundball, 6MD)
Gabe Cain to second
Runner from 2nd tries for 3rd, OUT!
Top of the 4th over - 0 runs, 3 hits, 0 errors, 1 left on base; Lancaster 1 - Salem 2
BOTTOM OF THE 4TH
Salem Misfits batting - Pitching for Lancaster Farmers : LHP Washington Scarpenti
Batting: RHB Jorge Gómez 0-0: Swinging Strike
0-1: Ball
1-1: Swinging Strike
1-2: Ground out 4-3 (Groundball, 4)
Batting: LHB Rodrigo Gómez 0-0: Ball
1-0: Called Strike
1-1: Called Strike
1-2: Ball
2-2: Fly out, F3 (Popup, 3SF)
Batting: LHB Tyler Knopp 0-0: Called Strike
0-1: DOUBLE (Flyball, 8RXD)
Batting: RHB César Ramos 0-0: Foul Ball, location: 2F
0-1: Ground out 6-3 (Groundball, 6M)
Bottom of the 4th over - 0 runs, 1 hit, 0 errors, 1 left on base; Lancaster 1 - Salem 2
TOP OF THE 5TH
Lancaster Farmers batting - Pitching for Salem Misfits : RHP William Fothergill
Batting: RHB Diego Méndez 0-0: Ground out 4-3 (Groundball, 4)
Batting: RHB Juan Pedraza 0-0: Ground out U3 (Groundball, 3)
Batting: RHB Kasper Schuilenberg 0-0: Ball
1-0: SOLO HOME RUN (Flyball, 7D), Distance : 385 ft
Batting: LHB Manuel Núñez 0-0: Foul Ball, location: 2F
0-1: Swinging Strike
0-2: Strikes out swinging
Top of the 5th over - 1 run, 1 hit, 0 errors, 0 left on base; Lancaster 2 - Salem 2
BOTTOM OF THE 5TH
Salem Misfits batting - Pitching for Lancaster Farmers : LHP Washington Scarpenti
Batting: LHB José Cuervo 0-0: Ball
1-0: Ground out 6-3 (Groundball, 56)
Batting: RHB Robinson Barquero 0-0: Foul Ball, location: 2F
0-1: Ground out 5-3 (Groundball, 25)
Batting: RHB Vicente Andros 0-0: Ball
1-0: Ball
2-0: Foul Ball, location: 2F
2-1: Fly out, F2 (Popup, 2LF)
Bottom of the 5th over - 0 runs, 0 hits, 0 errors, 0 left on base; Lancaster 2 - Salem 2
TOP OF THE 6TH
Lancaster Farmers batting - Pitching for Salem Misfits : RHP William Fothergill
Batting: RHB Ramón Degollado 0-0: Ball
1-0: Fly out, F6 (Line Drive, 6)
Batting: RHB Woodrow Terrebonne 0-0: Ball
1-0: Ball
2-0: Ball
3-0: Base on Balls
Batting: RHB Hou Kong 0-0: Ball
1-0: Foul Ball, location: 2F
1-1: Ball
2-1: SINGLE (Groundball, 6MD)
Woodrow Terrebonne to second
Batting: RHB Gabe Cain 0-0: Ball
1-0: Fly out, F9 (Flyball, 9S)
Batting: RHB Bogumil Tiwontschik 0-0: Ball
1-0: Ball
2-0: DOUBLE (Line Drive, 7LS)
Woodrow Terrebonne scores
Hou Kong to third
Batting: RHB Diego Méndez 0-0: Ball
1-0: Ball
2-0: Foul Ball, location: 2F
2-1: Called Strike
2-2: Strikes out swinging
Top of the 6th over - 1 run, 2 hits, 0 errors, 2 left on base; Lancaster 3 - Salem 2
BOTTOM OF THE 6TH
Salem Misfits batting - Pitching for Lancaster Farmers : LHP Washington Scarpenti
Batting: RHB Paul O'Neill 0-0: Ball
1-0: Fly out, F9 (Line Drive, 9D)
Batting: RHB Austin Case 0-0: Called Strike
0-1: Foul Ball, location: 2F
0-2: Foul Ball, location: 2F
0-2: Ball
1-2: Foul Ball, location: 2F
1-2: Ground out 4-3 (Groundball, 4M)
Batting: RHB Jorge Gómez 0-0: Called Strike
0-1: Bunted foul
0-2: Ball
1-2: TRIPLE (Flyball, 89XD)
Pitching: RHP Tim Sandaele
Batting: LHB Rodrigo Gómez 0-0: Called Strike
0-1: Ball
1-1: Called Strike
1-2: Foul Ball, location: 2F
1-2: Strikes out swinging
Bottom of the 6th over - 0 runs, 1 hit, 0 errors, 1 left on base; Lancaster 3 - Salem 2
TOP OF THE 7TH
Lancaster Farmers batting - Pitching for Salem Misfits : RHP William Fothergill
Batting: RHB Juan Pedraza 0-0: Called Strike
0-1: Ball
1-1: Called Strike
1-2: Strikes out looking
Batting: RHB Kasper Schuilenberg 0-0: Fly out, F7 (Flyball, 7D)
Batting: LHB Manuel Núñez 0-0: Called Strike
0-1: Ball
1-1: Fly out, F3 (Popup, 3F)
Top of the 7th over - 0 runs, 0 hits, 0 errors, 0 left on base; Lancaster 3 - Salem 2
BOTTOM OF THE 7TH
Salem Misfits batting - Pitching for Lancaster Farmers : RHP Tim Sandaele
Batting: LHB Tyler Knopp 0-0: SINGLE (Groundball, 6MD)
Batting: RHB César Ramos 0-0: Foul Ball, location: 2F
0-1: Swinging Strike
0-2: Strikes out swinging
Batting: LHB José Cuervo 0-0: Called Strike
0-1: Ball
1-1: Foul Ball, location: 2F
1-2: Fly out, F8 (Flyball, 8RD)
Batting: RHB Robinson Barquero 0-0: Ball
1-0: Swinging Strike
1-1: Foul Ball, location: 2F
1-2: Ball
2-2: Foul Ball, location: 2F
2-2: Fielders Choice at 2nd, 5-4 (Groundball, 5L)
Bottom of the 7th over - 0 runs, 1 hit, 0 errors, 1 left on base; Lancaster 3 - Salem 2
TOP OF THE 8TH
Lancaster Farmers batting - Pitching for Salem Misfits : RHP William Fothergill
Batting: RHB Ramón Degollado 0-0: Ball
1-0: Called Strike
1-1: Called Strike
1-2: Ball
2-2: Strikes out swinging, 2-3 out at first.
Pitching: LHP Rob Murphy
Batting: RHB Woodrow Terrebonne 0-0: Called Strike
0-1: Ball
1-1: Foul Ball, location: 2F
1-2: Foul Ball, location: 2F
1-2: Ground out 6-3 (Groundball, 6M)
Batting: RHB Hou Kong 0-0: Called Strike
0-1: Called Strike
0-2: Ball
1-2: Strikes out swinging
Top of the 8th over - 0 runs, 0 hits, 0 errors, 0 left on base; Lancaster 3 - Salem 2
BOTTOM OF THE 8TH
Salem Misfits batting - Pitching for Lancaster Farmers : RHP Tim Sandaele
Batting: RHB Vicente Andros 0-0: Ball
1-0: Called Strike
1-1: Ball
2-1: Swinging Strike
2-2: Strikes out looking
Batting: RHB Paul O'Neill 0-0: Called Strike
0-1: Ball
1-1: Swinging Strike
1-2: Ground out 6-3 (Groundball, 56)
Batting: RHB Austin Case 0-0: Ball
1-0: SINGLE (Groundball, 56D)
Pitching: RHP Jefferson Suhendro
Batting: RHB Jorge Gómez 0-0: Ball
1-0: SINGLE (Flyball, 89S)
Austin Case to second
Runner from 2nd tries for 3rd, SAFE, throw made to third
Batting: LHB Rodrigo Gómez 0-0: Ground out 4-3 (Groundball, 4)
Bottom of the 8th over - 0 runs, 2 hits, 0 errors, 2 left on base; Lancaster 3 - Salem 2
TOP OF THE 9TH
Lancaster Farmers batting - Pitching for Salem Misfits : LHP Rob Murphy
Pitching: LHP León Vallejo
Batting: RHB Gabe Cain 0-0: Fly out, F7 (Flyball, 7LM)
Batting: RHB Bogumil Tiwontschik 0-0: Ball
1-0: Called Strike
1-1: Called Strike
1-2: Foul Ball, location: 2F
1-2: Ball
2-2: Fly out, F7 (Flyball, 7LM)
Batting: RHB Diego Méndez 0-0: Ball
1-0: Ball
2-0: Fly out, F6 (Line Drive, 56)
Top of the 9th over - 0 runs, 0 hits, 0 errors, 0 left on base; Lancaster 3 - Salem 2
BOTTOM OF THE 9TH
Salem Misfits batting - Pitching for Lancaster Farmers : RHP Jefferson Suhendro
Batting: LHB Tyler Knopp 0-0: Called Strike
0-1: Foul Ball, location: 2F
0-2: Strikes out looking
Batting: RHB César Ramos 0-0: Called Strike
0-1: Ball
1-1: Ball
2-1: Foul Ball, location: 2F
2-2: Strikes out looking
Batting: LHB José Cuervo 0-0: Ball
1-0: Swinging Strike
1-1: Foul Ball, location: 2F
1-2: Foul Ball, location: 2F
1-2: Ground out 4-3 (Groundball, 34)
Bottom of the 9th over - 0 runs, 0 hits, 0 errors, 0 left on base; Lancaster 3 - Salem 2
Sunday, March 18th, 2018 - OOTP Baseball 18.8 Build 76